 Dungeon Crawl Stone Soup version 0.30.0-29-ga12c61a403 (webtiles) character file.

Game seed: 15052865866248204576

6627 cdecastro the Thaumaturge (level 10, 0/81 HPs)
             Began as a Pale Draconian Conjurer on May 29, 2023.
             Was a Priest of Sif Muna.
             Slain by a yak (6 damage)
             ... on level 9 of the Dungeon on June 3, 2023.
             The game lasted 00:40:36 (12057 turns).

cdecastro the Thaumaturge (DrCj)                   Turns: 12057, Time: 00:40:36

Health: 0/81       AC:  8    Str:  9    XL:     10   Next: 72%
Magic:  19/24      EV: 13    Int: 28    God:    Sif Muna [***...]
Gold:   349        SH:  0    Dex: 11    Spells: 13/29 levels left

rFire   . . .        J - +5 spear
rCold   . . .        (no shield)
rNeg    + . .        (body armour unavailable)
rPois   .            (helmet restricted)
rElec   .            (no cloak)
rCorr   .            (no gloves)
SInv    .            f - +0 pair of boots
Will    .....        (no amulet)
Stlth   ++           l - +6 ring of intelligence
HPRegen 0.33/turn    q - ring of positive energy
MPRegen 0.19/turn

%: no passive effects
@: about to teleport
A: breathe steam, AC +7, unfitting armour, cold-blooded, steam resistance
a: Breathe Steam, Renounce Religion, Channel Magic, Forget Spell


You were on level 9 of the Dungeon.
You worshipped Sif Muna.
Sif Muna was most pleased with you.
You visited 2 branches of the dungeon, and saw 10 of its levels.

You collected 429 gold pieces.
You spent 80 gold pieces at shops.

Inventory:

Hand Weapons
 G - a +0 dagger of venom
 I - a +4 dagger
 J - a +5 spear (weapon)
Armour
 f - a +0 pair of boots (worn)
Magical Staves
 z - a staff of air
Jewellery
 l - a +6 ring of intelligence (left hand)
 q - a ring of positive energy (right hand)
 A - a ring of willpower
Wands
 w - a wand of mindburst (10)
 y - a wand of charming (17)
Scrolls
 c - a scroll of vulnerability {unknown}
 g - a scroll of identify
 h - 2 scrolls of brand weapon {unknown}
 j - a scroll of fear {unknown}
 n - 4 scrolls of teleportation
 p - 3 scrolls of blinking {unknown}
 t - a scroll of silence {unknown}
 x - 2 scrolls of magic mapping {unknown}
 B - a scroll of poison {unknown}
 C - 2 scrolls of amnesia {unknown}
 D - 3 scrolls of enchant armour {unknown}
 H - a scroll of fog {unknown}
Potions
 a - a potion of magic
 b - a potion of cancellation {unknown}
 d - 3 potions of brilliance
 e - 5 potions of haste
 i - 4 potions of curing
 k - 6 potions of heal wounds
 m - a potion of experience {unknown}
 o - 3 potions of flight
 r - a potion of ambrosia {unknown}
 u - 3 potions of lignification
 v - a potion of might {unknown}
 E - a potion of resistance {unknown}
 F - a potion of berserk rage


   Skills:
 - Level 5.0 Fighting
 - Level 5.0 Dodging
 - Level 1.7 Stealth
 - Level 10.0 Spellcasting
 + Level 8.6 Conjurations
 - Level 3.0 Translocations
 - Level 7.0 Invocations


You had 13 spell levels left.
You knew the following spells:

 Your Spells              Type           Power      Damage    Failure   Level
a - Magic Dart            Conj           100%       1d8       1%          1
b - Searing Ray           Conj           100%       2d8       1%          2
c - Dazzling Flash        Conj/Hex       76%        N/A       1%          3
d - Fulminant Prism       Conj/Hex       19%        3d11      7%          4
e - Iskenderun's Mystic   Conj/Tloc      46%        2d10      3%          4
f - Blink                 Tloc           60%        N/A       1%          2

Your spell library contained the following spells:

 Spells                   Type           Power      Damage    Failure   Level
 Tukima's Dance           Hex            14%        N/A       12%         3
 Manifold Assault         Tloc           30%        N/A       12%         4
 Passage of Golubria      Tloc           30%        N/A       12%         4
 Animate Dead             Necr           14%        N/A       36%         4
 Borgnjor's Vile Clutch   Necr/Erth      7%         N/A       73%         5
 Yara's Violent Unravell  Hex/Tmut       7%         3d5       73%         5
 Death Channel            Necr           7%         N/A       99%         6
 Storm Form               Tmut/Air       7%         N/A       100%        7


Dungeon Overview and Level Annotations

Branches:
Dungeon (9/15)             Temple (1/1) D:5
   Lair: D:8-11         Orc: D:9-12

Altars:
Ashenzari
Cheibriados
Dithmenos
Elyvilon
Fedhas
Gozag
Hepliaklqana
Kikubaaqudgha
Makhleb
Nemelex Xobeh
Okawaru
Qazlal
Ru
Sif Muna
Trog
Uskayaw
Vehumet
Wu Jian
Xom
Yredelemnul
Zin
The Shining One
Lugonu

Shops:
D:9 *

Portals:
Abyss: D:8

Annotations:
D:8 2 runed translucent doors
D:9 1 runed translucent door, Gadrel's ghost, novice TeBe


Innate Abilities, Weirdness & Mutations

You can breathe blasts of scalding, opaque steam.
Your pale cyan-grey scales are hard. (AC +7)
You cannot fit into any form of body armour.
You are cold-blooded and may be slowed by cold attacks.
You are immune to the effects of steam.


Message History

The yak is heavily wounded.
Unknown command.
Unknown command.
The yak attacks as you move away! The yak closely misses you.
The yak attacks as you move away! The yak gores you.
The yak attacks as you move away! The yak closely misses you.
The yak attacks as you move away! The yak gores you.
Casting: Fulminant Prism (dangerous; 7% risk of failure)
Confirm with . or Enter, or press ? or * to list all spells.
Aiming: Fulminant Prism (dangerous; 7% risk of failure)
Press: ? - help, Dir - move target You conjure a prism of explosive energy!
A fulminant prism comes into view.
The yak gores you but does no damage. The yak barely misses you.
Unknown command.
The yak completely misses you.
Your fulminant prism crackles loudly.
Your fulminant prism explodes!
Unknown command.
The yak attacks as you move away! The yak closely misses you.
The yak attacks as you move away! The yak gores you.
The yak attacks as you move away! The yak misses you.
The yak attacks as you move away! The yak gores you.
The yak attacks as you move away! The yak gores you but does no damage.
The yak attacks as you move away! The yak gores you.
The yak attacks as you move away! The yak gores you!
* * * LOW HITPOINT WARNING * * *
The yak attacks as you move away! The yak gores you.
* * * LOW HITPOINT WARNING * * *
The yak attacks as you move away! The yak gores you!
* * * LOW HITPOINT WARNING * * *
The yak attacks as you move away! The yak gores you!
* * * LOW HITPOINT WARNING * * *
The yak attacks as you move away! The yak barely misses you.
As you read the scroll of teleportation, it crumbles to dust.
You feel strangely unstable. The yak gores you!
* * * LOW HITPOINT WARNING * * *
Unknown command.
The yak attacks as you move away! The yak gores you.
You die...

##+##...# ##.#. #............
#.......# ..... #............
........#. ..#.###Y...........
........#.. #....#............
........#....###....#............
........#....#.###.Y.............
###.....#......#...#.............
..#.....#......#.YY..............
..#.....#.......@#...............
..#.....#....#...#...............
..#.....#....#...#...............
..#.....#....#...'...............
###.....#....#...#...............
........#....#...################
........#....#...#...............
........#....##'##...............
........#...........)............


You could see 3 yaks.

Vanquished Creatures
  A two-headed ogre (D:9)
  A troll (D:8)
  Sigmund (D:3)
  10 yaks
  A steam dragon (D:8)
  A wyvern (D:8)
  A water moccasin (D:8)
  Duvessa (D:6)
  3 orc warriors
  5 black bears
  3 ice beasts
  2 sky beasts
  2 ogres
  3 centaurs
  Blork the orc (D:4)
  2 kobold brigands
  3 bullfrogs
  3 scorpions
  14 wights
  Dowan (D:6)
  5 killer bees (D:7)
  2 howler monkeys
  2 jellies
  3 orc priests
  4 iguanas
  3 orc wizards
  Robin (D:3)
  3 gnolls
  7 adders
  3 shadow imps
  2 white imps
  2 ufetubi (D:5)
  3 worms
  3 dart slugs
  13 orcs
  7 endoplasms
  A giant cockroach (D:1)
  10 goblins
  9 hobgoblins
  9 jackals
  21 kobolds
  A quokka (D:1)
  4 ball pythons
  6 bats
  2 frilled lizards (D:1)
  5 rats (D:1)
190 creatures vanquished.

Vanquished Creatures (others)
  11 fulminant prisms
11 creatures vanquished.

Grand Total: 201 creatures vanquished

Notes
Turn   | Place    | Note
-------+----------+-------------------------------------------
     0 | D:1      | cdecastro the Draconian Conjurer began the quest for the
                  | Orb.
     0 | D:1      | Reached XP level 1. HP: 14/14 MP: 3/3
     0 | D:1      | Upgraded the game from 0.30.0-19-g36f170ea60 to
                  | 0.30.0-20-g3b4254fcbd
   344 | D:1      | Reached XP level 2. HP: 16/20 MP: 0/5
   406 | D:1      | Learned a level 2 spell: Searing Ray
   775 | D:1      | Reached skill level 5 in Conjurations
   789 | D:1      | Reached XP level 3. HP: 25/26 MP: 1/6
  2302 | D:3      | Noticed Robin
  2494 | D:3      | Reached skill level 3 in Spellcasting
  2524 | D:3      | Killed Robin
  2525 | D:3      | Reached XP level 4. HP: 33/33 MP: 3/8
  2626 | D:3      | Noticed Sigmund
  2731 | D:3      | Noticed a black bear
  3092 | D:4      | Noticed a black bear
  3447 | D:4      | Noticed Blork the orc
  3698 | D:4      | Reached skill level 4 in Spellcasting
  3702 | D:4      | Reached XP level 5. HP: 29/38 MP: 1/11
  3969 | D:5      | Entered Level 5 of the Dungeon
  4254 | D:5      | Reached skill level 5 in Spellcasting
  4254 | D:5      | Reached XP level 6. HP: 40/45 MP: 3/13
  4925 | D:5      | Found a staircase to the Ecumenical Temple.
  5012 | Temple   | Entered the Ecumenical Temple
  5142 | Temple   | Became a worshipper of Sif Muna the Loreminder
  5309 | D:5      | Learned a level 3 spell: Dazzling Flash
  5314 | D:5      | Learned a level 4 spell: Fulminant Prism
  5319 | D:5      | Learned a level 4 spell: Iskenderun's Mystic Blast
  5569 | D:6      | Your scales start taking on a pale cyan-grey colour.
  5569 | D:6      | Reached XP level 7. HP: 50/50 MP: 8/14
  5569 | D:6      | Gained mutation: You are immune to the effects of steam.
                  | [Pale Draconian growth]
  5649 | D:6      | Reached skill level 1 in Translocations
  5800 | D:6      | Reached skill level 1 in Fighting
  5803 | D:6      | Learned a level 2 spell: Blink
  5894 | D:6      | Found a basalt altar of Yredelemnul.
  5896 | D:6      | Found a blossoming altar of Fedhas.
  5898 | D:6      | Found a bloodstained altar of Trog.
  5904 | D:6      | Found an ancient bone altar of Kikubaaqudgha.
  5907 | D:6      | Found a white marble altar of Elyvilon.
  5908 | D:6      | Found a snail-covered altar of Cheibriados.
  6126 | D:6      | Reached XP level 8. HP: 57/67 MP: 12/15
  6277 | D:6      | Reached skill level 5 in Fighting
  6385 | D:6      | Found a sparkling altar of Nemelex Xobeh.
  6388 | D:6      | Found a glowing golden altar of the Shining One.
  6389 | D:6      | Found a sacrificial altar of Ru.
  6419 | D:6      | Noticed Dowan
  6647 | D:3      | Killed Sigmund
  6952 | D:3      | Reached skill level 6 in Spellcasting
  7325 | D:3      | Reached skill level 7 in Spellcasting
  7569 | D:4      | Reached * piety under Sif Muna
  7857 | D:4      | Killed Blork the orc
  8009 | D:6      | Noticed Duvessa
  8027 | D:6      | Killed Duvessa
  8030 | D:6      | Killed Dowan
  8031 | D:6      | Reached skill level 1 in Invocations
  8346 | D:6      | Reached XP level 9. HP: 67/74 MP: 16/19
  8388 | D:6      | Upgraded the game from 0.30.0-20-g3b4254fcbd to
                  | 0.30.0-29-ga12c61a403
  8548 | D:7      | Reached skill level 5 in Invocations
  9110 | D:7      | Reached skill level 8 in Spellcasting
  9520 | D:8      | Found a one-way gate to the infinite horrors of the Abyss.
  9520 | D:8      | Identified the +6 dagger of Excruciating Pain {distort,
                  | rPois Str-2 Int+4}
  9520 | D:8      | Identified the +2 robe of the Dozen Songs {Dex+5}
  9520 | D:8      | Noticed a kobold demonologist
  9524 | D:8      | Noticed a red ugly thing
  9587 | D:8      | Reached ** piety under Sif Muna
  9631 | D:8      | Reached skill level 9 in Spellcasting
 10037 | D:8      | Reached XP level 10. HP: 64/81 MP: 19/23
 10131 | D:7      | Reached skill level 10 in Spellcasting
 10264 | D:8      | Found a large runed translucent door.
 10266 | D:8      | Found a large runed translucent door.
 10270 | D:8      | Noticed a red ugly thing
 10276 | D:8      | Found a corrupted altar of Lugonu.
 10901 | D:9      | Noticed a two-headed ogre
 10974 | D:9      | Found a runed translucent door.
 11316 | D:9      | Reached skill level 5 in Dodging
 11369 | D:9      | Noticed Gadrel's ghost (novice TeBe)
 11369 | D:9      | Found the +7 great mace "Undeadhunter" {deathbane, rN+}
 11635 | D:9      | Killed a two-headed ogre
 11748 | D:9      | Found Coruhif's Assorted Antiques.
 11751 | D:9      | Bought a scroll labelled JETYUBR PYTY for 20 gold pieces
 11751 | D:9      | Bought a scroll labelled FILUSOFOBLO for 20 gold pieces
 11751 | D:9      | Bought a scroll of identify for 40 gold pieces
 11931 | D:9      | Reached *** piety under Sif Muna
 12057 | D:9      | Slain by a yak

Illustrated notes

Levels and vault maps discovered:
D:1:      dpeg_arrival_long_road, layout_loops_cross, chequers_decorated_corner
D:2:      layout_loops_corners
D:3:      layout_basic, uniq_robin, uniq_sigmund
D:4:      layout_basic, uniq_blork_the_orc
D:5:      minmay_inner_zag, layout_cave_pools, temple_pool_b
D:6:      layout_basic, nicolae_overflow_hallway_of_the_gods, uniq_duvessa
D:7:      layout_rooms
D:8:      due_chaos_kobolds, layout_gridville
D:9:      layout_grid_maze, gammafunk_ghost_grave, serial_shops,
          kennysheep_mini, hangedman_decor_push
Temple:   nicolae_temple_figure_eight

Skill      XL: |  1  2  3  4  5  6  7  8  9 10 |
---------------+-------------------------------+-----
Conjurations   | 5 6 7 8 |  8.6
Spellcasting   | 3 4 5 7 9 10 | 10.0
Translocations | 3 |  3.0
Fighting       | 4 5 |  5.0
Invocations    | 2 5 7 |  7.0
Dodging        | 5 |  5.0
Stealth        | |  1.7

Action                     |  1- 3 |  4- 6 |  7- 9 | 10-12 || total
---------------------------+-------+-------+-------+-------++-------
  Melee: Dagger            |    96 |    10 |    35 |    30 ||   171
         Tailslap          |     8 |     2 |    14 |     5 ||    29
         Punch             |     1 |       |       |       ||     1
         Whip              |       |       |    51 |       ||    51
         Spear             |       |       |       |    11 ||    11
   Cast: Magic Dart        |    52 |    24 |    10 |       ||    86
         Searing Ray       |    14 |    27 |    44 |    18 ||   103
         Fulminant Prism   |       |       |     1 |    10 ||    11
         Dazzling Flash    |       |       |       |     1 ||     1
Ability: Breathe Steam     |       |       |    37 |    15 ||    52
    Use: Scroll            |       |       |       |    11 ||    11
   Stab: Sleeping          |     1 |     1 |     6 |     1 ||     9
         Invisible         |       |       |       |     1 ||     1
 Armour: Skin              |    35 |    11 |   107 |    41 ||   194
  Dodge: Dodged            |    86 |    26 |   116 |    78 ||   306
